 Dungeon Crawl Stone Soup version 0.17-a0-2002-g92c7e20 (webtiles) character file.

161 4thArraOfDagon the Chopper (level 5, 0/48 HPs)
             Began as a Minotaur Summoner on Oct 8, 2015.
             Succumbed to a scorpion's poison
             ... in an ossuary.
             The game lasted 00:04:05 (662 turns).

4thArraOfDagon the Chopper (Minotaur Summoner)       Turns: 662, Time: 00:04:05

Health: 0/48       AC:  7    Str: 12    XL:     5   Next: 18%
Magic:  6/6        EV: 14    Int: 13    God:
Gold:   71         SH:  0    Dex: 16    Spells: 1 memorised, 5 levels left

rFire  . . .     SeeInvis .     g - +2 war axe (distort)
rCold  . . .     Clarity  .     a - +0 scale mail
rNeg   . . .     SustAt   .     (no shield)
rPois  .         Gourm    .     (helmet restricted)
rElec  .         Spirit   .     (no cloak)
rCorr  .         Warding  .     (no gloves)
rMut   .         Stasis   .     (no boots)
MR     .....                    (no amulet)
Stlth  ++........               (no ring)
                                (no ring)

@: agile, lethally poisoned (0 -> -3), very slightly contaminated, hasted, very
quick, not resistant to hostile enchantments, unstealthy
A: retaliatory headbutt, fangs 1, horns 2, icy blue scales 1, robust 1
a: no special abilities


You were in an ossuary.
You were not hungry.

You visited 1 branch of the dungeon, and saw 6 of its levels.
You also visited: Ossuary.

You collected 71 gold pieces.

Inventory:

Hand Weapons
 g - a +2 war axe of distortion (weapon)
 i - a +0 hand axe
 m - a +1 broad axe
Armour
 a - a +0 scale mail (worn)
Potions
 e - a potion of flight
 k - a potion of haste
Books
 b - a book of Callings

   Spells                             Type                      Level
   a - Summon Small Mammal            Summoning                    1
   b - Call Imp                       Summoning                    2
   c - Call Canine Familiar           Summoning                    3
   d - Summon Guardian Golem          Hexes/Summoning              3
   e - Summon Lightning Spire         Summoning/Air                4
   f - Summon Ice Beast               Ice/Summoning                4
Comestibles
 c - 5 bread rations
 f - a slice of pizza
 h - a chunk of flesh
 l - a beef jerky


   Skills:
 + Level 2.9 Fighting
 * Level 4.0 Axes
 + Level 2.6 Armour
 - Level 2.1 Dodging
 - Level 1.5 Stealth
 - Level 1.3 Spellcasting
 - Level 2.9 Summonings


You had 5 spell levels left.
You knew the following spells:

 Your Spells              Type           Power        Failure   Level  Hunger
a - Summon Small Mammal   Summ           #...         45%         1    ##.....


Dungeon Overview and Level Annotations

Branches:
Dungeon (6/15)
 Temple: D:4-7

Altars:

Annotations:
D:4 Menkaure


Innate Abilities, Weirdness & Mutations

You reflexively headbutt those who attack you in melee.
You have a pair of horns on your head.
You have very sharp teeth.
You are partially covered in icy blue scales (AC +1).
You are robust (+10% HP).


Message History

There is an open door here.
Unknown command.
* * * LOW HITPOINT WARNING * * *
You feel sick.
Unknown command.
Found a sand-covered staircase.
Unknown command.
Unknown command.
* * * LOW HITPOINT WARNING * * *
You feel sick.
There is a sand-covered staircase here.
Unknown command.
The world spins around you as you enter the gateway.
You enter an ossuary!
Found four gates leading back out of this place.
There is an empty arch of ancient stone here.
Unknown command.
There is a gate leading back out of this place here.
Unknown command.
You die...

#+# ###.###
##.....##
#.......#
##...∩...##
+..@∩∩∩...+
##...∩...##
#.......#
##.....##
###.### #+#


There were no monsters in sight!

Vanquished Creatures
  A centaur (D:5)
  A worker ant (D:3)
  A hound zombie (D:5)
  A hound skeleton (D:6)
  The ghost of 4thArraOfDagon the Gusty, a weakling CeAE (D:3)
  3 giant geckos
  2 orcs (D:3)
  5 bats
  A giant cockroach (D:3)
  3 hobgoblins
  A quokka (D:3)
  A ball python (D:1)
  3 goblins
  2 kobolds
  3 rats
29 creatures vanquished.

Vanquished Creatures (others)
  A plant (D:3)
1 creature vanquished.

Grand Total: 30 creatures vanquished

Notes
Turn   | Place    | Note
--------------------------------------------------------------
     0 | D:1      | 4thArraOfDagon the Minotaur Summoner began the quest for the Orb.
     0 | D:1      | Reached XP level 1. HP: 14/14 MP: 1/1
    43 | D:1      | Reached skill level 1 in Fighting
   117 | D:1      | Reached skill level 1 in Axes
   133 | D:1      | Reached XP level 2. HP: 11/23 MP: 3/3
   357 | D:3      | Noticed 4thArraOfDagon's ghost (weakling CeAE)
   364 | D:3      | Killed 4thArraOfDagon's ghost
   379 | D:3      | Reached skill level 1 in Armour
   379 | D:3      | Reached XP level 3. HP: 25/29 MP: 4/4
   532 | D:3      | Gained mutation: You are partially covered in icy blue scales (AC +1). [potion of mutation]
   532 | D:3      | Gained mutation: You have very sharp teeth. [potion of mutation]
   532 | D:3      | Gained mutation: You are robust (+10% HP). [potion of mutation]
   536 | D:4      | Noticed Menkaure
   561 | D:4      | Noticed an ogre
   570 | D:5      | Entered Level 5 of the Dungeon
   587 | D:5      | Reached XP level 4. HP: 39/39 MP: 5/5
   605 | D:5      | Noticed a scorpion
   632 | D:5      | Noticed a centaur
   639 | D:5      | Killed a centaur
   639 | D:5      | Reached skill level 3 in Axes
   639 | D:5      | Reached XP level 5. HP: 10/48 MP: 6/6
   649 | D:6      | Reached skill level 4 in Axes
   653 | D:6      | HP: 2/48 [poisoned by a scorpion]
   656 | D:6      | Found a sand-covered staircase.
   658 | D:6      | HP: 1/48 [poisoned by a scorpion]
   660 | Ossuary  | Entered an ossuary
   662 | Ossuary  | Succumbed to a scorpion's poison

Vault maps used:
D:1:      dpeg_arrival_shrine
D:2:      ecumenical_altar_2
D:3:      first_bread, serial_bayou_pond_b
D:4:      uniq_robin, uniq_menkaure
D:5:      overflow_temple_1_default, hangedman_abyss_or_decor_stagger,
          minivault_4
D:6:      elyvilon_altar_4, kennysheep_little_box, temple_fountains,
          nicolae_ossuary_entry_plus
Ossuary:  ossuary_minmay_four_chambers

Action                   |  1- 3 |  4- 6 || total
-------------------------+-------+-------++-------
Melee: Hand axe          |    25 |       ||    25
       Unarmed           |     6 |       ||     6
       War axe           |    25 |     5 ||    30
       Broad axe         |     7 |       ||     7
  Use: Potion            |     2 |     2 ||     4
       Scroll            |     7 |       ||     7
 Stab: Sleeping          |     1 |     1 ||     2
